 Dungeon Crawl Stone Soup version 0.24.0-5-g267a8d59f4 (webtiles) character file.

Game seed: 17815993609451816005, levelgen mode: deterministic

208 Monsterracer the Shield-Bearer (level 5, 0/49 HPs)
             Began as a Deep Dwarf Fighter on Nov 1, 2019.
             Slain by an ogre
             ... wielding a +0 giant club
              (9 damage)
             ... on level 4 of the Dungeon.
             The game lasted 00:01:04 (2117 turns).

Monsterracer the Shield-Bearer (Deep Dwarf Fighter) Turns: 2117, Time: 00:01:05

Health: 0/49       AC:  7    Str: 20    XL:     5   Next: 55%
Magic:  3/3        EV:  7    Int:  9    God:
Gold:   124        SH:  9    Dex: 12    Spells: 4/4 levels left

rFire    . . .     SeeInvis .   a - +0 war axe
rCold    . . .     Gourm    .   g - +0 shield
rNeg     . . .     Faith    .   b - +0 scale mail
rPois    .         Spirit   .   (no helmet)
rElec    .         Reflect  .   (no cloak)
rCorr    .         Harm     .   (no gloves)
MR       .....                  (no boots)
Stlth    ..........             (no amulet)
HPRegen  0.00/turn              o - +1 ring of protection
MPRegen  0.08/turn              (no ring)

@: non-regenerating, slowed, drained, very slow
A: damage resistance, heal wounds, sense surroundings 1, no regeneration
a: Heal Wounds


You were on level 4 of the Dungeon.
You were hungry.

You visited 1 branch of the dungeon, and saw 4 of its levels.

You collected 124 gold pieces.

Inventory:

Hand Weapons
 a - a +0 war axe (weapon)
Armour
 b - a +0 scale mail (worn)
 g - a +0 shield (worn)
Jewellery
 o - a +1 ring of protection (left hand)
   (You found it on level 2 of the Dungeon)
 p - an uncursed ring of ice
   (You found it on level 2 of the Dungeon)
Wands
 d - a wand of scattershot (7)
   (You found it on level 3 of the Dungeon)
 q - a wand of iceblast (9)
   (You found it on level 2 of the Dungeon)
Potions
 h - 2 potions of magic
 j - a potion of might
 k - 4 potions of lignification
 l - a potion of curing {unknown}
 n - 3 potions of mutation {unknown}
 s - 2 potions of flight {unknown}
 z - 2 potions of brilliance
Comestibles
 c - 7 rations


   Skills:
 + Level 3.6(2.7) Fighting
 * Level 3.8(2.9) Axes
 + Level 4.4(3.4) Armour
 + Level 4.4(3.4) Shields


You had 4 spell levels left.
You didn't know any spells.
Your spell library contained the following spells:

 Spells                   Type           Power        Failure   Level  Hunger
 Beastly Appendage        Tmut           #.....       99%         1    ##.....
 Sticks to Snakes         Tmut           #.......     100%        2    ###....
 Spider Form              Tmut/Pois      #.........   100%        3    ####...
 Ice Form                 Ice/Tmut       #.......     100%        4    #####..
 Blade Hands              Tmut           #.........   100%        5    ######.


Dungeon Overview and Level Annotations

Branches:
Dungeon (4/15)
 Temple: D:4-7

Altars:
Kikubaaqudgha
Zin

Annotations:
D:4 Edmund, Natasha, Pikel


Innate Abilities, Weirdness & Mutations

You are resistant to damage.
You can heal yourself by infusing magical energy.
You passively map a small area around you.
You do not regenerate.


Message History

No target in view!
No target in view!
No target in view!
A hound skeleton comes into view.
You block the hound skeleton's attack.
You hit the hound skeleton.
The hound skeleton is lightly damaged.
The hound skeleton bites you but does no damage.
The hound skeleton barely misses you.
You slash the hound skeleton!
The hound skeleton is moderately damaged.
The hound skeleton bites you but does no damage.
The hound skeleton closely misses you.
A hound skeleton is nearby!
You slash the hound skeleton!
The hound skeleton is almost destroyed.
The hound skeleton bites you but does no damage.
The hound skeleton bites you.
You slash the hound skeleton!
You destroy the hound skeleton!
No target in view!
No target in view!
No target in view!
No target in view!
No target in view!
No target in view!
No target in view!
No target in view!
A worm comes into view.
A worm is nearby!
A worm is nearby!
Found 14 gold pieces.
You hit the worm but do no damage. The worm bites you but does no damage.
You hit the worm.
The worm is lightly wounded.
The worm barely misses you.
You slash the worm!
The worm is severely wounded.
The worm bites you but does no damage.
You hit the worm.
The worm is severely wounded.
The worm bites you but does no damage.
You slash the worm!
You kill the worm!
No target in view!
No target in view!
An ogre comes into view. It is wielding a +0 giant club.
Things that are here:
10 gold pieces; a worm corpse The ogre shouts!
No target in view!
No target in view!
No target in view!
No target in view!
The ogre is too close now for your liking.
Things that are here:
10 gold pieces; a worm corpse Natasha, Servant of Life and Death comes into view.
Natasha hisses angrily.
The ogre barely misses you.
You hit the ogre.
The ogre is lightly wounded.
The ogre hits you but does no damage.
You are feeling hungry.
You hit the ogre.
The ogre is moderately wounded.
The ogre barely misses you.
Your shield prevents you from hitting the ogre.
The ogre is moderately wounded.
The ogre hits you with a +0 giant club!!
You hit the ogre.
The ogre is moderately wounded.
You hit Natasha. Natasha claws you but does no damage.
The ogre barely misses you. You block Natasha's attack.
You fail to use your ability.
You block the ogre's attack.
Natasha wildly gestures.
Natasha's front paws start to glow.
Natasha stares at you and mumbles some strange words.
You feel yourself slow down.
Unknown command.
You feel much better. The ogre hits you with a +0 giant club!
Natasha wildly gestures.
Natasha shimmers violently.
Natasha claws you but does no damage.
You feel much better. Natasha claws you! You block the ogre's attack.
Natasha claws you. The ogre barely misses you.
You hit the ogre.
The ogre is heavily wounded.
You barely miss Natasha. Natasha barely misses you.
The ogre hits you with a +0 giant club! Natasha casts a spell at you.
You easily resist.
You hit the ogre.
The ogre is heavily wounded.
You barely miss Natasha.
The ogre hits you with a +0 giant club!!
* * * LOW HITPOINT WARNING * * *
You block Natasha's attack. Natasha claws you but does no damage.
The ogre hits you with a +0 giant club!
You die...

, , .#..#,..
###........... ,
.#..#.<####.............
, *
...#..#.#...............
...#..#...............##
,
........................
,
........................,
†....##..........h.....#
* .>............$.@O# , *
..................##,,
......................*
.##..........#.........
##......##..##.........#
##.....##..#..$.......#
#########...##....#.##
#####.....### #.###


You could see an ogre and Natasha.

Vanquished Creatures
  A howler monkey (D:3)
  A worker ant (D:4)
  2 hound skeletons (D:4)
  4 adders (D:2 D:3 D:4)
  An ooze (D:3)
  4 worms (D:2 D:3 D:4)
  3 dart slugs (D:2 D:3)
  2 leopard geckos (D:2 D:4)
  2 ball pythons (D:3 D:4)
  6 bats (D:1 D:2 D:3)
  6 giant cockroaches (D:1 D:2 D:3)
  5 goblins (D:1 D:2 D:3)
  6 hobgoblins (D:1 D:2 D:3)
  5 jackals (D:1 D:2)
  A kobold (D:2)
  2 quokkas (D:2 D:4)
  2 frilled lizards (D:1 D:2)
  4 rats (D:1 D:2 D:3)
57 creatures vanquished.

Notes
Turn   | Place    | Note
-------+----------+-------------------------------------------
     0 | D:1      | Monsterracer the Deep Dwarf Fighter began the quest for the
                  | Orb.
     0 | D:1      | Reached XP level 1. HP: 20/20 MP: 1/1
   306 | D:1      | Reached XP level 2. HP: 24/27 MP: 2/2
   865 | D:2      | Reached XP level 3. HP: 29/34 MP: 3/3
  1168 | D:2      | Found a glowing silver altar of Zin.
  1594 | D:3      | Reached XP level 4. HP: 37/42 MP: 4/4
  1801 | D:3      | Reached XP level 5. HP: 40/49 MP: 5/5
  1993 | D:4      | Noticed Edmund
  2003 | D:4      | Noticed Pikel
  2004 | D:4      | Noticed a slave
  2005 | D:4      | Noticed a slave
  2007 | D:4      | Noticed a slave
  2007 | D:4      | HP: 24/49 [Pikel/+2 whip of freezing (8)]
  2009 | D:4      | Noticed a slave
  2012 | D:4      | HP: 13/49 [Pikel/+2 whip of freezing (4)]
  2020 | D:4      | Found an ancient bone altar of Kikubaaqudgha.
  2104 | D:4      | Noticed an ogre
  2108 | D:4      | Noticed Natasha
  2111 | D:4      | HP: 18/49 [ogre/+0 giant club (19)]
  2117 | D:4      | HP: 9/49 [ogre/+0 giant club (21)]
  2117 | D:4      | Slain by an ogre

Levels and vault maps discovered:
D:1:      minmay_arrival_three_doors, layout_loops_ring
D:2:      layout_loops_corners, nicolae_overflow_hidden_temple
D:3:      layout_basic, first_ration
D:4:      layout_cave_pools, kiku_gazebo_pond_becter, kennysheep_ying_yang,
          uniq_natasha, uniq_edmund, uniq_pikel

Skill      XL: |  1  2  3  4 |
---------------+-------------+-----
Fighting       | 3 |  3.6
Axes           | 3 |  3.8
Armour         | 4 |  4.4
Shields        | 4 |  4.4

Action                   |  1- 3 |  4- 6 || total
-------------------------+-------+-------++-------
Melee: War axe           |   134 |   120 ||   254
 Abil: Heal Wounds       |     1 |     4 ||     5
  Use: Scroll            |       |     8 ||     8
  Eat: Chunk             |     2 |     2 ||     4
Armor: Scale mail        |    83 |    68 ||   151
Dodge: Dodged            |    65 |    41 ||   106
Block: Shield            |    84 |    82 ||   166
